 Dungeon Crawl Stone Soup version 0.28-a0-247-gb8bfbab023 (webtiles) character file.

Game seed: 17934278472230329749

14990 speeev33 the Cleaver (level 12, -3/102 (113) HPs)
             Began as a Hill Orc Fighter on Aug 26, 2021.
             Was a High Priest of Okawaru.
             Killed from afar by a necromancer (21 damage)
             ... with a bolt of negative energy
             ... in an ice cave.
             The game lasted 00:31:04 (14813 turns).

speeev33 the Cleaver (Hill Orc Fighter)            Turns: 14813, Time: 00:31:05

HP:   -3/102 (113)  AC: 23    Str: 30    XL:     12   Next: 22%
MP:   18/18         EV:  9    Int: 14    God:    Okawaru [*****.]
Gold: 654           SH: 16    Dex: 10    Spells: 11/11 levels left

rFire   . . .      SeeInvis .   a - +1 war axe
rCold   + + +      Faith    .   J - +0 tower shield
rNeg    . . .      Spirit   .   t - +8 plate armour of the Playwright {+Blink rC+++ Stlth+}
rPois   .          Reflect  .   A - +1 helmet of the Rose {Int+6}
rElec   .          Harm     .   v - +0 cloak
rCorr   .          Rampage  .   (no gloves)
Will    .....                   n - +0 pair of boots
Stlth   ..........              (no amulet)
HPRegen 0.27/turn               y - +6 ring of strength
MPRegen 0.16/turn               E - +4 ring of evasion

@: marked, drained
A: no striking features
a: Renounce Religion, Evoke Blink, Heroism, Finesse, Duel


You were in an ice cave.
You worshipped Okawaru.
Okawaru was extremely pleased with you.
You visited 3 branches of the dungeon, and saw 12 of its levels.
You also visited: Ossuary and Ice Cave.

You collected 824 gold pieces.
You spent 170 gold pieces at shops.

Inventory:

Hand Weapons
 a - a +1 war axe (weapon)
 c - a +0 morningstar
Missiles
 d - 15 poisoned darts (quivered)
 q - a curare-tipped dart
 G - 5 javelins
Armour
 n - a +0 pair of boots (worn)
 t - the +8 plate armour of the Playwright (worn) {+Blink rC+++ Stlth+}
   (You found it on level 5 of the Dungeon)

   rC:        It renders you almost immune to cold.
   +Blink:    It lets you blink.
   Stlth:     It makes you more stealthy.
 v - a +0 cloak (worn)
 A - the +1 helmet of the Rose (worn) {Int+6}
   (You found it on level 6 of the Dungeon)

   Int:       It affects your intelligence (+6).
 J - a +0 tower shield (worn)
Magical Staves
 w - a staff of poison
Jewellery
 y - a +6 ring of strength (left hand)
 E - a +4 ring of evasion (right hand)
 F - a ring of protection from cold
Wands
 i - a wand of digging (3)
 l - a wand of polymorph (8)
 r - a wand of flame (55)
 C - a wand of paralysis (11)
Scrolls
 j - 6 scrolls of teleportation {unknown}
 o - 2 scrolls of fear
 p - 2 scrolls of fog
 s - 6 scrolls of amnesia {unknown}
 x - 2 scrolls of enchant weapon
 B - 2 scrolls of blinking {unknown}
 D - 3 scrolls of enchant armour {unknown}
 H - a scroll of identify
Potions
 b - a potion of brilliance
 e - 2 potions of flight
 f - 2 potions of degeneration
 g - 3 potions of mutation
 h - 3 potions of cancellation
 k - 4 potions of curing
 m - 5 potions of attraction
 u - 2 potions of berserk rage
 z - a potion of magic {unknown}


   Skills:
 + Level 12.9 Fighting
 + Level 13.7 Axes
 - Level 3.2 Armour
 + Level 12.0 Shields
 - Level 8.0 Invocations


You had 11 spell levels left.
You didn't know any spells.
Your spell library contained the following spells:

 Spells                   Type           Power      Damage    Failure   Level
 Magic Dart               Conj           0%         1d3       100%        1
 Mephitic Cloud           Conj/Pois/Air  0%         N/A       100%        3
 Call Imp                 Summ           Unusable   N/A       N/A         2

Dungeon Overview and Level Annotations

Branches:
Dungeon (10/15)            Temple (1/1) D:6            Lair (1/6) D:10
    Orc (0/2) D:9         Ossuary (visited)           IceCv (1/1)

Altars:
Ashenzari
Cheibriados
Dithmenos
Elyvilon
Kikubaaqudgha
Makhleb
Nemelex Xobeh
Okawaru
Qazlal
Ru
Sif Muna
Trog
Uskayaw
Wu Jian
Xom
Yredelemnul
Zin

Shops:
D:3 =   D:10 [


Message History

You hit the ice devil but do no damage.
The ice devil hits you but does no damage.
The necromancer points at you and mumbles some strange words.
The bolt of negative energy hits you!!
You feel drained.
You closely miss the necromancer.
The necromancer is almost dead.
You slash the ice devil! The ice devil barely misses you.
The necromancer casts a spell at you. The bolt of negative energy hits you!
You feel drained.
* * * LOW HITPOINT WARNING * * *
You closely miss the necromancer.
The necromancer is almost dead.
You slash the ice devil!
You kill the ice devil!
Okawaru accepts your kill.
You feel like a meek peon again. The necromancer casts a spell at you.
Your body is wracked with pain!
* * * LOW HITPOINT WARNING * * *
You feel better.
The cane toad simulacrum barely misses you.
You block the necromancer's attack.
Your plate armour of the Playwright prevents you from hitting the necromancer.
The necromancer is almost dead.
You slash the cane toad simulacrum!
You block the cane toad simulacrum's attack.
The necromancer gestures at you while chanting.
You struggle to resist.
You closely miss the necromancer.
The necromancer is almost dead.
You hit the cane toad simulacrum. The cane toad simulacrum hits you!
* * * LOW HITPOINT WARNING * * *
The cane toad simulacrum freezes you. You resist.
* * * LOW HITPOINT WARNING * * *
The necromancer hits you but does no damage.
You feel better.
The cane toad simulacrum hits you but does no damage.
The necromancer points at you and mumbles some strange words.
The bolt of negative energy hits you!!
You feel drained.
You die...

###### ###.##.##
######
##uZ@....######....##
#..p##.#...##....#...
##..Z.#####....#####..
#.....^# ##.### ###
#........# ### ##.
#.........# ###..
....####...# ####....
#...# #...# #.(.....
##.. ..## #[[.....


You could see a white ugly thing, a necromancer, an elephant simulacrum and a
cane toad simulacrum.

Vanquished Creatures
  A hydra (Lair:1)
  2 two-headed ogres
  An ice statue (IceCv)
  An unseen horror (D:10)
  2 entropy weaver simulacra (IceCv)
  4 freezing wraiths (IceCv)
  13 ice devils (IceCv)
  A dire elephant simulacrum (IceCv)
  A vampire (D:9)
  9 yaks
  A steam dragon (D:8)
  A death yak simulacrum (IceCv)
  A harpy simulacrum (IceCv)
  2 wargs (D:10)
  Duvessa (D:7)
  A black bear (D:5)
  9 orc warriors
  An ice beast (D:6)
  A necrophage (D:6)
  An ogre (D:5)
  A centaur (D:9)
  A phantom (D:6)
  2 kobold brigands (D:3)
  5 bullfrogs
  6 cane toad simulacra (IceCv)
  3 wyvern zombies
  A scorpion (D:4)
  2 water moccasin zombies (Ossuary)
  Dowan (D:7)
  3 water moccasin skeletons
  4 elephant simulacra (IceCv)
  8 killer bees
  4 wights (D:6)
  4 howler monkeys
  A crimson imp (D:9)
  2 centaur zombies
  A centaur skeleton (D:5)
  2 jellies
  A hound (D:6)
  8 orc priests
  2 bullfrog skeletons
  An iguana (D:5)
  Natasha (thrice) (D:2)
  17 orc wizards
  2 polar bear simulacra (IceCv)
  2 spriggan simulacra (IceCv)
  5 wolf simulacra (IceCv)
  A hound zombie (D:5)
  A hound skeleton (D:4)
  2 mummies (Ossuary)
  A howler monkey zombie (D:6)
  Robin (D:2)
  15 gnolls
  A howler monkey skeleton (D:5)
  3 adders
  A naga simulacrum (IceCv)
  12 white imps
  5 ufetubi
  An adder skeleton (D:4)
  3 adder zombies (Ossuary)
  2 worms (D:10)
  54 orcs
  6 ball pythons
  3 endoplasms
  2 giant cockroaches (D:2)
  14 goblins
  6 hobgoblins
  2 quokkas
  A bat (D:2)
  3 frilled lizards
  4 gnoll zombies (Ossuary)
  7 hobgoblin zombies (Ossuary)
  38 kobolds
  2 kobold zombies (Ossuary)
  5 orc zombies (Ossuary)
  6 rats
348 creatures vanquished.

Notes
Turn   | Place    | Note
-------+----------+-------------------------------------------
     0 | D:1      | speeev33 the Hill Orc Fighter began the quest for the Orb.
     0 | D:1      | Reached XP level 1. HP: 19/19 MP: 1/1
   164 | D:1      | Found a faded altar of an unknown god.
   461 | D:1      | Reached skill level 3 in Axes
   578 | D:1      | Reached XP level 2. HP: 25/27 MP: 2/2
   833 | D:2      | Noticed Robin
   839 | D:2      | Killed Robin
   840 | D:2      | Reached XP level 3. HP: 31/33 MP: 3/3
  1479 | D:2      | Noticed Natasha
  1484 | D:2      | Killed Natasha
  1485 | D:2      | Reached skill level 4 in Axes
  1485 | D:2      | Reached XP level 4. HP: 23/41 MP: 4/4
  1903 | D:2      | Noticed Natasha
  1907 | D:2      | Killed Natasha
  2057 | D:2      | Noticed Natasha
  2066 | D:2      | Killed Natasha
  2067 | D:2      | Reached XP level 5. HP: 42/47 MP: 5/5
  2319 | D:3      | Reached skill level 5 in Fighting
  2738 | D:3      | Reached skill level 5 in Axes
  2741 | D:3      | Reached skill level 5 in Shields
  2741 | D:3      | Reached XP level 6. HP: 38/56 MP: 6/6
  3647 | D:3      | Reached skill level 6 in Axes
  3647 | D:3      | Reached XP level 7. HP: 47/63 MP: 7/7
  3778 | D:3      | Found Hatuoth's Jewellery Boutique.
  4715 | D:4      | Found a sand-covered staircase.
  4720 | Ossuary  | Entered an ossuary
  4982 | D:4      | Reached skill level 7 in Axes
  5473 | D:4      | Reached XP level 8. HP: 73/73 MP: 8/8
  5567 | D:5      | Entered Level 5 of the Dungeon
  5589 | D:5      | Identified the +8 plate armour of the Playwright {+Blink
                  | rC+++ Stlth+}
  6268 | D:6      | Reached skill level 8 in Axes
  6524 | D:6      | Found a hide-covered altar of Uskayaw.
  6581 | D:6      | Found a staircase to the Ecumenical Temple.
  6594 | Temple   | Entered the Ecumenical Temple
  6632 | Temple   | Became a worshipper of Warmaster Okawaru
  6832 | D:6      | Reached XP level 9. HP: 76/82 MP: 9/9
  6923 | D:6      | Identified the +1 helmet of the Rose {Int+6}
  6962 | D:6      | Reached skill level 9 in Axes
  6962 | D:6      | Reached skill level 1 in Invocations
  7054 | D:6      | You fall into a shaft and drop 3 floors!
  7105 | D:7      | Noticed Dowan
  7106 | D:7      | Noticed Duvessa
  7114 | D:7      | Killed Duvessa
  7121 | D:7      | Killed Dowan
  7176 | D:7      | Found a shimmering blue altar of Sif Muna.
  7719 | D:7      | Identified the +2 robe of Honour {Drain rPois Str+3 SInv}
  8142 | D:6      | Reached * piety under Okawaru
  8611 | D:8      | Reached skill level 10 in Axes
  8804 | D:8      | Reached ** piety under Okawaru
  9173 | D:8      | Reached skill level 5 in Invocations
  9173 | D:8      | Reached XP level 10. HP: 75/93 MP: 13/13
  9356 | D:8      | Found a stormy altar of Qazlal.
  9945 | D:8      | Reached skill level 10 in Fighting
 10104 | D:9      | Reached *** piety under Okawaru
 10184 | D:9      | Noticed a two-headed ogre
 10192 | D:9      | Killed a two-headed ogre
 10193 | D:9      | Reached skill level 11 in Axes
 10718 | D:9      | Found a shimmering altar of Xom.
 10718 | D:9      | Found a burning altar of Makhleb.
 11113 | D:9      | Noticed a lindwurm
 11114 | D:9      | Noticed a lindwurm
 11116 | D:9      | Noticed a lindwurm
 11124 | D:9      | Noticed a lindwurm
 11342 | D:9      | Found a staircase to the Orcish Mines.
 11363 | D:9      | Reached skill level 10 in Shields
 11730 | D:10     | Entered Level 10 of the Dungeon
 11734 | D:10     | Found Sado Lank's Antique Armour Shop.
 11751 | D:10     | Bought a pair of boots for 85 gold pieces
 11756 | D:10     | Bought a tower shield for 85 gold pieces
 11785 | D:10     | Reached **** piety under Okawaru
 11824 | D:10     | Found a staircase to the Lair.
 11867 | D:10     | Reached XP level 11. HP: 94/102 MP: 16/16
 12203 | D:10     | Identified the +3 ring mail of Guzefao {*Slow rF+ Int+2
                  | SInv}
 12307 | D:10     | Noticed a two-headed ogre
 12425 | D:10     | Killed a two-headed ogre
 12426 | D:10     | Reached skill level 12 in Axes
 12581 | D:10     | Noticed a moth of wrath
 12584 | D:10     | Found a bloodstained altar of Trog.
 12926 | Lair:1   | Entered Level 1 of the Lair of Beasts
 12991 | Lair:1   | Noticed a five-headed hydra
 13006 | Lair:1   | Killed a five-headed hydra
 13151 | Lair:1   | Found a frozen archway.
 13171 | IceCv    | Entered an ice cave
 13176 | IceCv    | Reached ***** piety under Okawaru
 13431 | IceCv    | Received a gift from Okawaru
 14096 | IceCv    | Found an ancient bone altar of Kikubaaqudgha.
 14165 | IceCv    | Reached skill level 13 in Axes
 14184 | IceCv    | HP: 4/105 [ice devil (11)]
 14184 | IceCv    | HP: 1/105 [ice devil (3)]
 14188 | IceCv    | Reached XP level 12. HP: 7/113 MP: 18/18
 14813 | IceCv    | Killed from afar by a necromancer

Illustrated notes

Levels and vault maps discovered:
D:1:      dpeg_arrival_rooms_c, layout_basic,
          shapermc_ecumenical_altar_starsandcircs
D:2:      layout_loops_ring, uniq_robin, uniq_natasha
D:3:      minmay_goblin_kobold_castle, layout_basic, serial_co_window_serial,
          co_window_paths_a, co_window_corner_a, co_window_paths_a,
          co_window_corner_a, co_window_paths_a, co_window_2corner,
          co_window_broadway_a, co_window_broadway_c, co_window_unsneaky_path_d,
          glass_columns_a, glass_columns_b, glass_columns_c, glass_columns_c,
          glass_columns_a, serial_shops,
          nicolae_shop_temple_entry_statues_fountains, item_on_display_b
D:4:      layout_gridville, nicolae_ossuary_entry_ruins, minmay_circle_x
D:5:      layout_basic
D:6:      layout_gridville, mainiacjoe_overflow_small_starburst,
          minmay_temple_entry_ruins
D:7:      layout_basic, kennysheep_little_box, hex_medium, uniq_duvessa
D:8:      layout_layer_cave, kennysheep_mini_moat, grunt_decor_fettered
D:9:      layout_cave_pods, grunt_temple_overflow_champion_of_chaos,
          hiddenorc2_lemuel, minmay_lindwurm_lava
D:10:     layout_cave_pools, tgw_trog, erik_lair_orcish_takeover, serial_shops,
          shop_statue
Temple:   nicolae_temple_elliptical
Lair:1:   layout_regular_city, portal_ice_cave_entry_imps
IceCv:    ice_cave_small_necro

Skill      XL: |  1  2  3  4  5  6  7  8  9 10 11 12 |
---------------+-------------------------------------+-----
Axes           | 3 4 5 6 7 8 10 11 13 | 13.7
Fighting       | 4 5 6 7 8 9 11 12 | 12.9
Shields        | 4 5 6 7 9 10 11 12 | 12.0
Invocations    | 5 7 8 |  8.0
Armour         | |  3.2

Action                   |  1- 3 |  4- 6 |  7- 9 | 10-12 || total
-------------------------+-------+-------+-------+-------++-------
Melee: War axe           |    82 |   184 |   410 |   510 ||  1186
       Morningstar       |       |       |       |    12 ||    12
Throw: Dart              |       |       |       |     3 ||     3
Invok: Heroism           |       |       |       |     9 ||     9
 Abil: Evoke Blink       |       |       |       |     1 ||     1
Evoke: Wand              |       |       |       |     3 ||     3
  Use: Potion            |       |     1 |       |     7 ||     8
       Scroll            |       |       |    12 |     4 ||    16
Armor: Scale mail        |    38 |     9 |       |       ||    47
       Plate armour      |       |   141 |   291 |   417 ||   849
Dodge: Dodged            |    23 |    39 |    80 |   216 ||   358
Block: Kite shield       |    44 |   104 |   209 |    78 ||   435
       Tower shield      |       |       |       |   448 ||   448

Table legend: (Time is in decaauts)
 A = Elapsed time spent in this place.
 B = Non-inter-level travel time spent in this place.
 C = Inter-level travel time spent in this place.
 D = Time resting spent in this place.
 E = Time spent auto-exploring this place.
 F = Levels seen in this place.
 G = Mean time per level.
                   A        B        C        D        E       F      G
               +--------+--------+--------+--------+--------+-----+--------+
         Total |  15114 |  14710 |    404 |   4174 |   5905 |  14 | 1079.6 |
       Dungeon |  12876 |  12515 |    361 |   2840 |   5822 |  10 | 1287.6 |
        Temple |     67 |     39 |     28 |      0 |     26 |   1 |   67.0 |
          Lair |    247 |    232 |     15 |    113 |      0 |   1 |  247.0 |
       Ossuary |    267 |    267 |      0 |     57 |      2 |   1 |  267.0 |
      Ice Cave |   1655 |   1655 |      0 |   1164 |     55 |   1 | 1655.0 |
               +--------+--------+--------+--------+--------+-----+--------+

Top non-repeatable levels by time:
     D:3: 2215 daAuts
     D:9: 1929 daAuts
     D:8: 1802 daAuts
   IceCv: 1655 daAuts
     D:2: 1608 daAuts
     D:6: 1039 daAuts
    D:10: 950 daAuts
     D:7: 938 daAuts
     D:4: 878 daAuts
     D:1: 795 daAuts
     D:5: 718 daAuts
 Ossuary: 267 daAuts
  Lair:1: 247 daAuts
  Temple: 67 daAuts
